Map: Imperio eterno EJ

Players

Cham

  • Race: Zerg Zerg
  • League: Master
  • Spawn Location: 1:00

tyty (TY) - Winner!

  • Race: Terran Terran
  • Spawn Location: 7:00

VOD

Have the link to the VOD?

Description

Time

  • Played on: Jan. 7, 2020, 6:50 p.m.
  • Length: 6:27
Show
View Real Time Build Order
Export as new Build Order

Cham Zerg 

Build Orders: Hatch First 

Get SALT Encoding   

  12  0:01  Drone  
  13  0:08  Drone  
  14  0:18  Overlord  
  14  0:37  Drone x2  
  16  0:48  Hatchery  
  15  0:52  Drone  
  15  0:55  Drone  
  17  1:01  Drone  
  18  1:11  Extractor  
  17  1:14  Spawning Pool  
  17  1:17  Drone  
  17  1:21  Drone  
  18  1:31  Drone  
  19  2:01  Queen  
  21  2:02  Zergling x2  
  21  2:06  Queen  
  21  2:07  Zergling x2  
  20  2:51  Queen  
  22  2:59  Queen  
  24  3:10  Overlord  
  24  3:11  Drone  
  25  3:21  Drone x2  
  25  3:26  Overlord  
  27  3:31  Drone x2  
  29  3:36  Drone  
  29  3:41  Drone x2  
  30  3:58  Drone  
  30  4:02  Drone x2  
  31  4:04  Drone x3  
  31  4:05  Drone  
  31  4:10  Drone x3  
  31  4:15  Drone x2  
  34  4:24  Overlord  
  34  4:29  Drone  
  33  4:36  Spore Crawler  
  33  4:37  Overlord  
  33  4:38  Drone  
  33  4:44  Overlord  
  32  4:54  Queen  
  32  4:55  Queen  
  32  4:59  Overlord  
  36  5:00  Zergling x2  
  36  5:06  Drone  
  38  5:16  Hatchery  
  37  5:22  Drone x4  
  41  5:30  Drone  
  42  5:37  Overlord  
  42  5:38  Drone x4  
  42  5:41  Drone x2  
  48  5:46  Overlord  
  48  5:50  Roach Warren  
  48  5:53  Drone  
  48  5:59  Drone  
  48  6:00  Drone  
  47  6:10  Drone  
  47  6:11  Drone  
  44  6:12  Drone x2  
  44  6:13  Drone  
Show
View Real Time Build Order
Export as new Build Order

tyty Terran - Winner!

Build Orders:  

Get SALT Encoding   

  12  0:01  SCV  
  13  0:13  SCV  
  14  0:18  Supply Depot  
  14  0:25  SCV  
  15  0:41  Barracks  
  15  0:49  SCV  
  16  0:57  Barracks  
  16  1:01  SCV  
  17  1:06  Refinery  
  17  1:13  SCV  
  19  1:27  Marine  
  19  1:29  Orbital Command  
  19  1:42  Supply Depot  
  19  1:44  Bunker  
  19  1:45  Marine  
  19  1:46  Marine  
  21  1:56  SCV, Bunker  
  22  2:03  Reaper  
  23  2:10  Reaper  
  23  2:19  SCV  
  21  2:31  SCV  
  21  2:35  Reaper  
  23  2:43  SCV  
  24  2:45  Command Center  
  24  2:48  Refinery  
  24  2:51  Reaper  
  25  2:56  SCV  
  26  3:08  SCV  
  26  3:12  Marine  
  28  3:20  Factory  
  28  3:21  SCV  
  28  3:22  Marine  
  30  3:29  Supply Depot  
  30  3:33  SCV  
  31  3:50  Marine, SCV  
  33  4:02  SCV  
  33  4:05  Factory Reactor  
  33  4:11  Orbital Command  
  33  4:12  Starport  
  33  4:13  Command Center  
  33  4:14  SCV  
  34  4:27  SCV  
  34  4:39  SCV  
  34  4:42  Orbital Command  
  34  4:43  Hellion x2  
  38  4:50  Starport Tech Lab  
  38  4:51  SCV, Fusion Core  
  39  5:03  SCV  
  39  5:04  Hellion x2  
  44  5:11  SCV  
  45  5:15  SCV  
  45  5:19  Supply Depot  
  46  5:23  SCV  
  46  5:25  Hellion x2  
  46  5:27  SCV  
  53  5:37  SCV  
  53  5:40  Orbital Command  
  59  5:43  SCV  
  59  5:47  Refinery  
  59  5:48  Refinery  
  59  5:49  SCV, Hellion  
  63  5:52  Hellion  
  63  5:55  SCV  
  66  6:02  SCV  
  67  6:07  SCV  
  67  6:10  SCV  
  69  6:14  SCV  
  70  6:21  Armory  
  70  6:25  Supply Depot  
  72  6:26  Supply Depot  
Tags
 
Add a new tag
Caveats
  • Supply blocks, unpowered buildings, or Contaminate may cause inaccurate times.
  • Supply counts are checked every 10 seconds.